 Dungeon Crawl Stone Soup version 0.31-a0-236-g9a0961fb85 (webtiles) character file.

Game seed: 3232576807415543939

79 qw the Shooter (level 4, 0/36 HPs)
             Began as a Minotaur Hexslinger on July 10, 2023.
             Slain by a gnoll
             ... wielding a +0 flail
              (9 damage)
             ... on level 2 of the Dungeon.
             The game lasted 00:00:25 (1236 turns).

qw the Shooter (Minotaur Hexslinger)                Turns: 1236, Time: 00:00:26

Health: 0/36       AC:  3    Str: 12    XL:     4   Next: 16%
Magic:  4/4        EV: 12    Int: 10    God:
Gold:   45         SH:  0    Dex: 15    Spells: 4/5 levels left

rFire   . . .        Y - +1 sling (drain)
rCold   . . .        (no shield)
rNeg    . . .        c - +0 robe
rPois   .            (helmet restricted)
rElec   .            (no cloak)
rCorr   .            l - +0 pair of gloves
SInv    .            (no boots)
Will    .....        (no amulet)
Stlth   +            (no ring)
HPRegen 0.26/turn    (no ring)
MPRegen 0.09/turn

%: no passive effects
@: lethally poisoned (0 -> -2)
A: horns 2, retaliatory headbutt
a: no special abilities


You were on level 2 of the Dungeon.
You visited 1 branch of the dungeon, and saw 2 of its levels.

You collected 45 gold pieces.


Innate Abilities, Weirdness & Mutations

You have a pair of horns on your head.
You reflexively headbutt those who attack you in melee.


   Skills:
 - Level 2.0 Fighting
 + Level 4.6 Ranged Weapons
 - Level 2.1 Dodging
 - Level 1.0 Spellcasting
 - Level 2.0 Hexes


You had 4 spell levels left.
You knew the following spells:

 Your Spells              Type           Power      Damage    Failure   Level
a - Slow                  Hex            16%        N/A       16%         1

Your spell library contained the following spells:

 Spells                   Type           Power      Damage    Failure   Level
 Inner Flame              Hex/Fire       2%         N/A       56%         3
 Portal Projectile        Hex/Tloc       4%         N/A       56%         3
 Cause Fear               Hex            2%         N/A       83%         4

Inventory:

Hand Weapons
 Y - a +1 sling of draining (weapon)
Armour
 c - a +0 robe (worn)
 d - the +3 ring mail of the Iron City of Dis {Rampage *Corrode rPois Str+4}
   (You found it on level 2 of the Dungeon)

   Str:       It affects your strength (+4).
   rPois:     It protects you from poison.
   *Corrode:  It may corrode you when you take damage.
   Rampage:   It bestows one free step when moving towards enemies.
 l - a +0 pair of gloves (worn)
Scrolls
 a - a scroll of blinking {unknown}
 b - a scroll of identify
Potions
 e - a potion of heal wounds {unknown}
 j - a potion of brilliance {unknown}
 k - a potion of invisibility {unknown}

Dungeon Overview and Level Annotations

Branches:
Dungeon (2/15)

Altars:


Message History

The gnoll moves out of view.
Enter note:
Enter note: You shoot a sling bullet.
The sling bullet hits the gnoll!
You drain the gnoll.
The gnoll is almost dead.
You shoot a sling bullet.
The sling bullet hits the gnoll but does no damage.
The gnoll is almost dead.
The adder closely misses you. The gnoll barely misses you. The adder bites you.
You shoot a sling bullet. The sling bullet hits the gnoll.
You kill the gnoll!
The adder closely misses you.
You have reached level 4!
You feel agile.
You shoot a sling bullet. The sling bullet hits the adder.
The adder is lightly wounded.
The adder closely misses you. The adder misses you.
You shoot a sling bullet. The sling bullet hits the adder.
The adder is heavily wounded.
The gnoll hits you with a +0 club. The adder bites you.
You are poisoned.
The adder poisons you!
You shoot a sling bullet. The sling bullet hits the adder.
The adder is severely wounded.
You feel sick. The adder bites you but does no damage.
The adder completely misses you. The gnoll hits you with a +0 flail!
You shoot a sling bullet.
The sling bullet barely misses the adder.
The sling bullet hits the gnoll.
You drain the gnoll.
The gnoll is severely wounded.
You feel sick. The adder closely misses you. You furiously retaliate!
You headbutt the adder.
You kill the adder!
The gnoll hits you with a +0 flail.
You shoot a sling bullet.
The sling bullet hits the gnoll but does no damage.
You drain the gnoll.
The gnoll is almost dead.
You feel sick. The gnoll hits you with a +0 club.
The gnoll hits you with a +0 flail!
You die...

#.####### .......#
......# #. .....#
..# ....# ... ...#
#.# ###gg#
...###..@#
##.#.#.#.#
#[.....#...
#.###.#%###.....
#.#...%..#.......~
#.#.#.#.###.##.~~.
#.. ###...#.# #..~
##.###.###.#.###~~.
#...............~~


You could see 2 gnolls.

Vanquished Creatures
  A gnoll (D:2)
  4 adders (D:2)
  A dart slug (D:2)
  3 endoplasms
  3 giant cockroaches (D:1)
  A goblin (D:2)
  2 hobgoblins (D:1)
  4 jackals (D:1)
  A kobold (D:1)
  5 ball pythons
  2 bats
  3 frilled lizards
  3 rats
33 creatures vanquished.

Notes
Turn   | Place    | Note
-------+----------+-------------------------------------------
     0 | D:1      | qw the Minotaur Hexslinger began the quest for the Orb.
     0 | D:1      | Reached XP level 1. HP: 16/16 MP: 1/1
     0 | D:1      | 0 ||| qw: Version: 0.3-a-52-g30416fa
     0 | D:1      | 0 ||| qw: Game counter: 4545
     0 | D:1      | 0 ||| qw: Melee chars always use a shield: true
     0 | D:1      | 0 ||| qw: God list: Okawaru
     0 | D:1      | 0 ||| qw: Allow faded altars: false
     0 | D:1      | 0 ||| qw: Do Orc after clearing Dungeon:15 true
     0 | D:1      | 0 ||| qw: Do second Lair branch before Depths: true
     0 | D:1      | 0 ||| qw: Lair rune preference: random
     0 | D:1      | 0 ||| qw: Goals: Normal
     0 | D:1      | 0 ||| PLANNING D:1-11
   112 | D:1      | HP: 3/16 [hobgoblin (4)]
   230 | D:1      | Found a faded altar of an unknown god.
   379 | D:1      | Reached skill level 3 in Ranged Weapons
   384 | D:1      | Reached XP level 2. HP: 23/23 MP: 2/2
   861 | D:1      | 861 ||| UPGRADING to +0 pair of gloves.
   866 | D:1      | 866 ||| READING scroll labelled ECRIVITRATOSM.
   867 | D:1      | 867 ||| READING scroll labelled AMEFAC KUBETYU.
   868 | D:1      | 868 ||| READING scroll labelled FUCATAOCAH.
   871 | D:1      | 871 ||| READING 2 scrolls labelled YPUAGO NOUFFO.
   872 | D:1      | 872 ||| READING scroll labelled ONUOMI UD DIVUUX.
   873 | D:1      | 873 ||| DROPPING scroll of poison.
   874 | D:1      | 874 ||| DROPPING scroll of noise.
   926 | D:2      | Reached XP level 3. HP: 25/29 MP: 3/3
  1159 | D:2      | Reached skill level 4 in Ranged Weapons
  1221 | D:2      | Identified the +3 ring mail of the Iron City of Dis
                  | {Rampage *Corrode rPois Str+4}
  1232 | D:2      | Reached XP level 4. HP: 33/36 MP: 4/4
  1236 | D:2      | HP: 9/36 [gnoll/+0 club (4)]
  1236 | D:2      | Slain by a gnoll

Levels and vault maps discovered:
D:1:      arrival_zaba_pyramid, layout_basic, basic_ecumenical_altar,
          minmay_worlds_worst_comb
D:2:      layout_basic, serial_shops, shop, chequers_serial_rivers_marsh,
          minmay_indecisive_spiral

Skill      XL: |  1  2  3 |
---------------+----------+-----
Ranged Weapons | 3 4 |  4.6
Fighting       | 2 |  2.0
Dodging        | |  2.1
Spellcasting   | |  1.0
Hexes          | |  2.0

Action                     |  1- 3 |  4- 6 || total
---------------------------+-------+-------++-------
   Fire: Sling             |    91 |     5 ||    96
    Use: Scroll            |     5 |       ||     5
 Armour: Robe              |     5 |     1 ||     6
  Dodge: Dodged            |    20 |     4 ||    24

Table legend:
 A = Non-vault XP
 B = Vault XP
 C = Vault XP percentage of total XP
 D = Non-vault monster count
 E = Vault monster count
 F = Vault count percentage of total count
                 A         B        C        D         E       F
            +---------+---------+-------+---------+---------+-------
      Total |      98 |      15 |  13.3 |      26 |       7 |  21.2
            +---------+---------+-------+---------+---------+-------
        D:1 |      24 |       6 |  20.0 |      16 |       3 |  15.8
        D:2 |      74 |       9 |  10.8 |      10 |       4 |  28.6
            +---------+---------+-------+---------+---------+-------
